 Dungeon Crawl Stone Soup version 0.30-a0-1163-gf69bf04e7a (webtiles) character file.

Game seed: 12016392429503450554

534 Morbidden the Chopper (level 7, 0/53 HPs)
             Began as a Formicid Gladiator on Apr 28, 2023.
             Was a Follower of Cheibriados.
             Slain by an orc
             ... wielding a +0 morningstar
              (6 damage)
             ... on level 5 of the Dungeon.
             The game lasted 00:04:16 (3588 turns).

Morbidden the Chopper (Formicid Gladiator)          Turns: 3588, Time: 00:04:16

Health: 0/53       AC: 10    Str: 23    XL:     7   Next: 50%
Magic:  7/7        EV: 10    Int:  9    God:    Cheibriados [*.....]
Gold:   324        SH:  0    Dex: 17    Spells: 6/6 levels left

rFire   + . .        a - +0 war axe
rCold   + . .        (no shield)
rNeg    . . .        C - +0 chain mail
rPois   .            (helmet unavailable)
rElec   .            q - scarf {rC+ rF+}
rCorr   .            o - +0 pair of gloves
SInv    +            (no boots)
Will    .....        B - amulet of regeneration Stlth
                     (no ring)
HPRegen 1.08/turn    (no ring)
MPRegen 0.10/turn

%: no passive effects
@: very slow
A: permanent stasis, dig shafts and tunnels, antennae 3, four strong arms,
hooves 1
a: Dig, Shaft Self, Renounce Religion, Bend Time


You were on level 5 of the Dungeon.
You worshipped Cheibriados.
Cheibriados was aware of your devotion.
You visited 2 branches of the dungeon, and saw 6 of its levels.

You collected 324 gold pieces.

Inventory:

Hand Weapons
 a - a +0 war axe (weapon)
 b - a +0 halberd
Missiles
 c - 3 throwing nets
 d - a javelin
 v - 6 poisoned darts (quivered)
Armour
 o - a +0 pair of gloves (worn)
 q - a scarf of resistance (worn)
 C - a +0 chain mail (worn)
Jewellery
 B - an amulet of regeneration (around neck)
Wands
 z - a wand of light (6)
Scrolls
 f - a scroll of blinking {unknown}
 g - 3 scrolls of magic mapping {unknown}
 m - 2 scrolls of immolation {unknown}
 n - 7 scrolls of identify {unknown}
 r - 2 scrolls of teleportation {unknown}
 s - a scroll of torment {unknown}
 u - a scroll of fog {unknown}
 w - a scroll of enchant weapon {unknown}
 y - 2 scrolls of enchant armour {unknown}
 A - a scroll of vulnerability {unknown}
Potions
 e - a potion of flight {unknown}
 h - 2 potions of mutation
 i - a potion of invisibility {unknown}
 j - a potion of brilliance {unknown}
 l - a potion of cancellation {unknown}
 p - a potion of curing
 t - a potion of heal wounds {unknown}
 x - 2 potions of might {unknown}


   Skills:
 * Level 3.8 Fighting
 * Level 4.7(4.9) Axes
 + Level 1.7(3.5) Polearms
 + Level 2.3 Throwing
 * Level 3.7 Armour
 * Level 3.7 Dodging
 + Level 0.4 Stealth
 * Level 1.2 Invocations
 * Level 1.4 Evocations


You had 6 spell levels left.
You didn't know any spells.
Your spell library contained the following spells:

 Spells                   Type           Power      Damage    Failure   Level
 Freeze                   Ice            0%         1d3       94%         1
 Sting                    Tmut/Pois      0%         1d3       94%         1
 Poisonous Vapours        Pois/Air       0%         N/A       98%         2
 Frozen Ramparts          Ice            0%         1d1       100%        3
 Hailstorm                Conj/Ice       0%         3d3       100%        3
 Olgreb's Toxic Radiance  Pois           0%         N/A       100%        4
 Fireball                 Conj/Fire      0%         3d3       100%        5
 Iskenderun's Battlesphe  Conj           0%         2d6       100%        5
 Conjure Ball Lightning   Conj/Air       0%         3x3d6     100%        6
 Orb of Destruction       Conj           0%         9d5       100%        7


Dungeon Overview and Level Annotations

Branches:
Dungeon (5/15)             Temple (1/1) D:4

Altars:
Ashenzari
Cheibriados
Dithmenos
Hepliaklqana
Makhleb
Okawaru
Ru
Sif Muna
Trog
Vehumet
Xom

Shops:
D:5 !


Innate Abilities, Weirdness & Mutations

You cannot be hasted, slowed, berserked, paralysed or teleported.
You can dig through walls and to a lower floor.
You have a pair of large antennae on your head. (SInv)
Your four strong arms can wield two-handed weapons with a shield.
You have large cloven feet.


Message History

You are too injured to fight recklessly!
You are too injured to fight recklessly!
You are too injured to fight recklessly!
Unknown command.
Unknown command.
Unknown command.
Okay, then.
It was a potion of mutation.
You feel extremely strange.
Your feet thicken and deform.
You feel sick. The orc barely misses you. The orc hits you but does no damage.
The orc hits you with a +0 flail.
* * * LOW HITPOINT WARNING * * *
Unknown command.
Okay, then.
It was a potion of curing.
You feel better. The orc misses you. The orc completely misses you.
The orc barely misses you.
Unknown command.
a - a +0 war axe (weapon)
Unknown command.
Unknown command.
You hit the orc but do no damage. You hit the orc. x2
The orc hits you with a +0 hand axe.
* * * LOW HITPOINT WARNING * * *
The orc barely misses you. The orc closely misses you.
The orc hits you with a +0 hand axe.
* * * LOW HITPOINT WARNING * * *
The orc hits you with a +0 morningstar.
* * * LOW HITPOINT WARNING * * *
The orc closely misses you.
Unknown command.
Unknown command.
You hit the orc but do no damage. You kick the orc, but do no damage.
You barely miss the orc. x2; The orc closely misses you. x3
Unknown command.
Unknown command.
You hit the orc. You kick the orc.
The orc is almost dead.
You closely miss the orc. x2; The orc closely misses you.
The orc hits you with a +0 morningstar.
You die...

..#......#...#...........#
###......#...######......#
.........#........#......#
.........#........########
.........#.........#
.........#...##....#
'#########...##....#
..#...............##
..'.............@o#
..#............)oo#
..#...............#
####'######..###..#
###..######## #..#
............ ....
............ ....
............ #..##
#######+####


You could see 3 orcs.

Vanquished Creatures
  A black bear (D:5)
  2 scorpions
  A gnoll bouda (D:4)
  A jelly (D:4)
  Terence (D:2)
  A sleepcap (D:5)
  Natasha (thrice) (D:2)
  5 gnolls (D:4)
  2 adders
  An ufetubus (D:5)
  2 dart slugs (D:1)
  2 worms (D:2)
  7 orcs
  3 ball pythons
  2 bats
  7 endoplasms
  4 giant cockroaches
  A goblin (D:4)
  9 hobgoblins
  4 jackals (D:2)
  6 kobolds
  A quokka (D:1)
  3 frilled lizards (D:3)
  2 rats
71 creatures vanquished.

Notes
Turn   | Place    | Note
-------+----------+-------------------------------------------
     0 | D:1      | Morbidden the Formicid Gladiator began the quest for the
                  | Orb.
     0 | D:1      | Reached XP level 1. HP: 16/16 MP: 1/1
    36 | D:1      | Reached XP level 2. HP: 8/22 MP: 2/2
   562 | D:2      | Reached XP level 3. HP: 25/28 MP: 3/3
   645 | D:2      | Noticed Natasha
   658 | D:2      | Killed Natasha
   659 | D:2      | Reached XP level 4. HP: 19/34 MP: 4/4
   765 | D:2      | Found a faded altar of an unknown god.
   767 | D:2      | Noticed Natasha
   774 | D:2      | Killed Natasha
   889 | D:2      | Noticed Natasha
   890 | D:2      | Noticed Terence
   895 | D:2      | Killed Natasha
   896 | D:2      | Reached skill level 1 in Armour
   896 | D:2      | Reached XP level 5. HP: 38/41 MP: 5/5
   904 | D:2      | Killed Terence
  1124 | D:2      | Reached skill level 4 in Axes
  1529 | D:3      | Found a radiant altar of Vehumet.
  1529 | D:3      | Found a sacrificial altar of Ru.
  2109 | D:2      | Found a faded altar of an unknown god.
  2289 | D:3      | Found a bloodstained altar of Trog.
  2484 | D:4      | Reached XP level 6. HP: 46/47 MP: 6/6
  2656 | D:4      | Found a staircase to the Ecumenical Temple.
  2697 | Temple   | Entered the Ecumenical Temple
  2741 | Temple   | Became a worshipper of Cheibriados the Contemplative
  3188 | D:4      | Reached skill level 1 in Evocations
  3386 | D:5      | Entered Level 5 of the Dungeon
  3418 | D:5      | Found Juiddo's Distillery.
  3422 | D:5      | Reached * piety under Cheibriados
  3439 | D:5      | Reached XP level 7. HP: 52/52 MP: 7/7
  3483 | D:5      | Reached skill level 1 in Polearms
  3518 | D:5      | Reached skill level 1 in Invocations
  3583 | D:5      | Gained mutation: You have large cloven feet. [potion of
                  | mutation]
  3588 | D:5      | Slain by an orc

Illustrated notes

Levels and vault maps discovered:
D:1:      eino_arrival_water_cross, layout_basic
D:2:      layout_rooms, hellmonk_ecumenical_altar_arch_garden,
          kennysheep_crisscross, serial_bayou_crossing, uniq_terence,
          uniq_natasha
D:3:      layout_basic, trog_hazing_becter, gammafunk_temple_overflow_elements
D:4:      layout_cave_pods, minmay_temple_entry_glassed_door
D:5:      layout_gridville, gammafunk_ghost_arena, serial_shops, shop
Temple:   compressed_dpeg_circular_temple

Skill      XL: |  1  2  3  4  5  6  7 |
---------------+----------------------+-----
Dodging        | 3 |  3.7
Fighting       | 3 |  3.8
Armour         | 1 2 3 |  3.7
Axes           | 4 |  4.7
Evocations     | 1 |  1.4
Polearms       | 1 |  1.7
Invocations    | 1 |  1.2
Throwing       | |  2.3
Stealth        | |  0.4

Action                     |  1- 3 |  4- 6 |  7- 9 || total
---------------------------+-------+-------+-------++-------
  Melee: War axe           |    43 |   104 |     3 ||   150
         Punch             |     1 |       |     2 ||     3
         Halberd           |       |    32 |    21 ||    53
         Kick              |       |       |     2 ||     2
  Throw: Dart              |       |     1 |       ||     1
  Evoke: Wand              |       |     1 |       ||     1
    Use: Scroll            |       |     1 |       ||     1
         Potion            |       |       |     2 ||     2
   Stab: Sleeping          |     1 |       |       ||     1
         Invisible         |       |     2 |       ||     2
         Distracted        |       |     1 |       ||     1
 Armour: Leather armour    |     6 |       |       ||     6
         Scale mail        |    10 |    48 |     1 ||    59
         Chain mail        |       |       |    25 ||    25
  Dodge: Dodged            |    26 |   102 |    36 ||   164

Table legend: (Time is in decaauts)
 A = Elapsed time spent in this place.
 B = Non-inter-level travel time spent in this place.
 C = Inter-level travel time spent in this place.
 D = Time resting spent in this place.
 E = Time spent auto-exploring this place.
 F = Levels seen in this place.
 G = Mean time per level.
                   A        B        C        D        E       F      G
               +--------+--------+--------+--------+--------+-----+--------+
         Total |   3889 |   3660 |    229 |    181 |   2823 |   6 |  648.2 |
       Dungeon |   3805 |   3614 |    191 |    181 |   2788 |   5 |  761.0 |
        Temple |     83 |     45 |     38 |      0 |     35 |   1 |   83.0 |
               +--------+--------+--------+--------+--------+-----+--------+

Top non-repeatable levels by time:
     D:2: 1326 daAuts
     D:4: 1078 daAuts
     D:3: 577 daAuts
     D:1: 562 daAuts
     D:5: 260 daAuts
  Temple: 83 daAuts
